Map: Blackpink LE

Players

Ziggy - Winner!

  • Race: Terran Terran
  • Spawn Location: 7:00

Swing

  • Race: Zerg Zerg
  • Spawn Location: 1:00

Event: WCS Leipzig 2018

VOD

Have the link to the VOD?

Description

Time

  • Played on: Jan. 26, 2018, 6:27 a.m.
  • Length: 10:16

All games in this series

Show
View Real Time Build Order
Export as new Build Order

Ziggy Terran - Winner!

Build Orders: Gas First Reaper Expand, Liberator Opening, Reaper Expand, Mech 

Get SALT Encoding   

  12  0:00  SCV  
  13  0:12  SCV  
  14  0:17  Supply Depot  
  14  0:24  SCV  
  15  0:30  Refinery  
  15  0:38  SCV  
  16  0:44  Barracks  
  16  0:50  SCV  
  17  1:03  SCV  
  18  1:15  SCV  
  19  1:31  Orbital Command, Reaper  
  20  1:45  Command Center  
  20  1:56  SCV  
  20  1:59  Factory  
  21  2:08  SCV, Barracks Reactor  
  21  2:12  Supply Depot  
  22  2:20  SCV  
  23  2:25  Refinery  
  23  2:33  SCV  
  23  2:45  Hellion, Marine x2  
  23  2:46  Starport  
  23  2:48  SCV  
  28  2:57  Orbital Command  
  28  3:00  SCV  
  28  3:03  Marine  
  28  3:04  Marine  
  31  3:09  Widow Mine  
  33  3:20  SCV  
  33  3:21  Marine x2  
  33  3:22  Medivac  
  33  3:25  SCV  
  39  3:37  SCV  
  40  3:45  SCV  
  40  3:46  Hellion x2  
  45  3:51  SCV, Liberator  
  45  3:57  SCV  
  45  4:00  Supply Depot x2  
  46  4:09  Hellion x2  
  53  4:12  SCV  
  53  4:14  Armory  
  54  4:21  SCV  
  55  4:27  SCV  
  55  4:30  Hellion x2  
  52  4:51  Cyclone x2  
  48  5:08  SCV x2  
  48  5:13  Starport Tech Lab  
  50  5:20  SCV x2  
  52  5:23  Cyclone x2  
  52  5:27  Hellion x5  
  58  5:32  SCV x2  
  60  5:46  SCV x2  
  60  5:47  Command Center  
  62  5:52  Banshee  
  65  5:57  Cloaking Field  
  65  6:01  SCV  
  65  6:02  SCV  
  67  6:06  Refinery  
  67  6:07  Refinery  
  67  6:09  Supply Depot  
  67  6:14  SCV  
  67  6:15  Supply Depot  
  67  6:17  Hellion  
  70  6:30  Hellion  
  70  6:31  SCV x2  
  72  6:38  Cyclone  
  67  6:43  SCV x2  
  69  6:52  Cyclone, Factory  
  72  6:55  SCV x2  
  72  6:59  SCV  
  75  7:07  SCV  
  75  7:08  SCV  
  77  7:10  Cyclone  
  77  7:12  Orbital Command  
  80  7:19  SCV  
  80  7:20  Engineering Bay  
  80  7:21  Factory  
  80  7:22  SCV  
  79  7:31  SCV  
  79  7:34  SCV  
  80  7:40  Factory Tech Lab  
  80  7:41  SCV  
  80  7:44  SCV  
  82  7:47  Cyclone x2  
  82  7:48  SCV  
  89  7:52  Orbital Command  
  86  7:59  Siege Tank  
  86  8:00  Refinery  
  86  8:02  SCV x2  
  86  8:03  Factory x2  
  91  8:10  Siege Tank  
  94  8:14  SCV x2  
  94  8:17  Terran Vehicle Weapons Level 1  
  94  8:19  Refinery  
  97  8:20  SCV  
  97  8:26  SCV x2  
  99  8:29  Hellion, Supply Depot  
  99  8:32  Starport Reactor  
  101  8:34  Supply Depot  
  101  8:41  SCV  
  101  8:43  SCV  
  101  8:44  SCV  
  101  8:46  Hellion  
  101  8:47  Factory Tech Lab, Factory Reactor  
  99  8:51  Siege Tank  
  99  8:53  SCV  
  99  8:54  Siege Tank  
  99  8:55  SCV  
  107  8:56  SCV, Hellion  
  110  9:03  Command Center  
  110  9:05  SCV  
  110  9:06  Sensor Tower  
  110  9:07  Siege Tank  
  110  9:08  Hellion  
  116  9:11  Supply Depot x2  
  116  9:17  Supply Depot  
  116  9:18  Supply Depot  
  116  9:25  Missile Turret  
  116  9:26  Missile Turret  
  116  9:30  Hellion  
  116  9:31  Missile Turret  
  116  9:33  Siege Tank  
  116  9:34  Missile Turret  
  116  9:35  SCV x2  
  120  9:43  SCV  
  127  9:47  SCV  
Show
View Real Time Build Order
Export as new Build Order

Swing Zerg 

Build Orders: Pool First 

Get SALT Encoding   

  12  0:01  Drone  
  13  0:12  Overlord  
  13  0:17  Drone  
  14  0:30  Drone x2  
  14  0:34  Drone  
  17  0:45  Spawning Pool  
  17  0:47  Drone  
  17  0:53  Extractor  
  16  0:59  Drone  
  17  1:14  Hatchery  
  17  1:16  Drone  
  17  1:20  Drone  
  18  1:32  Queen  
  20  1:35  Drone  
  21  1:41  Overlord  
  21  1:49  Drone  
  21  1:52  Metabolic Boost  
  22  2:00  Zergling x2  
  23  2:07  Queen  
  25  2:13  Drone  
  26  2:22  Drone  
  27  2:25  Drone  
  27  2:29  Queen  
  30  2:32  Drone  
  30  2:36  Drone  
  34  2:44  Overlord  
  34  2:48  Drone  
  33  2:54  Drone  
  33  2:58  Drone  
  35  3:00  Drone  
  35  3:04  Zergling x4  
  38  3:11  Zergling x2  
  39  3:13  Drone  
  39  3:28  Drone x2  
  39  3:29  Drone, Hatchery  
  39  3:31  Overlord  
  39  3:33  Drone x2  
  42  3:43  Drone x2, Roach Warren  
  42  3:44  Drone  
  42  3:47  Spore Crawler  
  42  3:57  Drone  
  42  3:58  Drone  
  42  4:00  Overlord  
  42  4:01  Overlord  
  44  4:16  Overlord  
  44  4:25  Roach x5  
  44  4:30  Roach x3  
  60  4:41  Roach  
  60  4:42  Roach x3, Zergling x4  
  66  4:48  Ravager  
  66  4:57  Roach x3  
  66  4:58  Roach  
  74  5:04  Queen  
  74  5:05  Overlord  
  72  5:13  Zergling x4  
  74  5:18  Overlord  
  74  5:23  Overlord  
  74  5:33  Extractor  
  62  5:43  Drone x2  
  62  5:44  Drone x4  
  62  5:45  Drone  
  62  5:47  Drone x3  
  64  5:53  Drone x2, Extractor  
  64  5:54  Extractor  
  64  5:55  Queen  
  66  5:57  Lair  
  66  5:58  Drone  
  66  6:00  Drone  
  66  6:02  Drone  
  69  6:11  Drone x3  
  71  6:15  Drone  
  73  6:23  Roach x2  
  74  6:34  Roach x2, Zergling x6  
  74  6:37  Spore Crawler  
  72  6:42  Drone  
  71  6:48  Overlord  
  69  6:59  Hydralisk Den  
  69  7:00  Ravager x2  
  70  7:10  Zergling x8  
  70  7:11  Zergling x2  
  75  7:18  Drone x3  
  75  7:21  Overseer  
  78  7:25  Spore Crawler  
  75  7:30  Hydralisk  
  74  7:42  Overlord, Queen  
  73  7:48  Hydralisk  
  71  7:54  Drone  
  71  7:58  Hydralisk  
  72  8:04  Hydralisk  
  76  8:10  Drone x2  
  78  8:14  Drone  
  78  8:17  Drone  
  80  8:21  Drone  
  80  8:23  Drone  
  81  8:31  Hydralisk  
  81  8:32  Zergling x2  
  84  8:37  Drone  
  84  8:47  Drone  
  84  8:48  Drone  
  83  8:49  Drone x3  
  86  8:56  Overlord  
  86  8:59  Drone x2  
  86  9:01  Drone  
  89  9:04  Drone  
  89  9:06  Drone  
  89  9:09  Drone  
  92  9:18  Drone  
  92  9:19  Drone x4  
  92  9:20  Drone  
  92  9:23  Hydralisk  
  98  9:34  Hydralisk x2  
  98  9:35  Zergling x2  
  102  9:39  Infestation Pit  
  101  9:50  Zergling x2, Hydralisk  
  101  9:51  Zergling x6, Hydralisk  
Tags
 
Add a new tag
Caveats
  • Supply blocks, unpowered buildings, or Contaminate may cause inaccurate times.
  • Supply counts are checked every 10 seconds.